AoeStats
← maize

Arena

507535230Analyzed
1v1 RM · 13d ago on Sep 18, 2026· 32m 12s· 2 players
Game mode
Random Map
Map size
Tiny (2 player)
Population
200
Speed
Normal
Resources
Standard
Victory
Conquest
Starting age
Dark Age
Ending age
Imperial Age
RankedLock teamsTeams togetherTeam positionsShared explorationLock speedFull tech treeHidden civsTurbo modeCheats
Victory
Defeat
🇻🇳 Turks · Vietnam
1018
+17
🇺🇸 Hindustanis · United States
1042
-17
nguyenductuqtqt
11:41 Feudal Age
13:58 Wheelbarrow
15:24 Castle Age
17:05 Double-Bit Axe
20:33 Imperial Age
20:21 Bow Saw
24:24 Padded Archer Armor
26:41 Leather Archer Armor
maize
11:27 Feudal Age
15:28 Castle Age
13:51 Double-Bit Axe
13:49 Horse Collar
16:37 Bow Saw
22:09 Stone Mining
22:57 Wheelbarrow
22:08 Loom
22:37 Town Watch
22:41 Elite Skirmisher
24:33 Fletching
24:16 Light Cavalry
25:58 Bodkin Arrow
26:39 Padded Archer Armor
27:02 Scale Barding Armor
26:23 Crossbowman
27:38 Forging
28:58 Town Patrol
29:42 Leather Archer Armor
29:42 Thumb Ring
30:39 Bloodlines
31:44 Forging
33:02 Iron Casting
Connection lost

Rejoining the realm…

Still unreachable

The connection could not be restored.

Session expired

The server has moved on; the page needs a fresh start.